 Dungeon Crawl Stone Soup version 0.29-a0-870-g2c972031a6 (webtiles) character file.

Game seed: 11438859152222704355

106 nxtlvl the Cutter (level 4, -7/27 HPs)
             Began as a Deep Elf Monk on July 17, 2022.
             Was a Believer of Vehumet.
             Mangled by an ogre
             ... wielding a +0 giant club
              (34 damage)
             ... on level 5 of the Dungeon.
             The game lasted 00:16:22 (1856 turns).

nxtlvl the Cutter (Deep Elf Monk)                   Turns: 1856, Time: 00:16:23

Health: -7/27      AC:  3    Str:  8    XL:     4   Next: 55%
Magic:  10/16      EV: 17    Int: 17    God:    Vehumet [**....]
Gold:   239        SH:  0    Dex: 17    Spells: 3/4 levels left

rFire   . . .      SeeInvis .   a - +0 short sword
rCold   . . .      Faith    .   (no shield)
rNeg    . . .      Spirit   .   l - +0 leather armour
rPois   .          Reflect  .   (no helmet)
rElec   .          Harm     .   (no cloak)
rCorr   .          Rampage  .   (no gloves)
Will    .....                   (no boots)
Stlth   ++........              (no amulet)
HPRegen 0.09/turn               e - +4 ring of evasion
MPRegen 0.15/turn               q - ring of magical power

@: very slightly contaminated
A: no striking features
a: Renounce Religion


You were on level 5 of the Dungeon.
You worshipped Vehumet.
Vehumet was pleased with you.
You visited 1 branch of the dungeon, and saw 5 of its levels.

You collected 239 gold pieces.

Inventory:

Hand Weapons
 a - a +0 short sword (weapon)
Missiles
 b - 49 stones
 n - 3 javelins
 o - 6 silver javelins
 p - a throwing net (quivered)
 r - 2 poisoned darts
Armour
 l - a +0 leather armour (worn)
Jewellery
 e - a +4 ring of evasion (left hand)
 q - a ring of magical power (right hand)
Scrolls
 c - a scroll of immolation
 d - a scroll of magic mapping
 g - a scroll of enchant armour
 h - a scroll of amnesia {unknown}
 k - a scroll of fear {unknown}
Potions
 f - 3 potions of flight
 i - 3 potions of might
 j - a potion of cancellation
 m - 2 potions of curing


   Skills:
 - Level 2.4 Fighting
 + Level 4.9 Short Blades
 - Level 3.6 Dodging
 - Level 2.4 Stealth
 + Level 0.7 Spellcasting
 * Level 1.2 Conjurations
 * Level 1.1 Fire Magic


You had 3 spell levels left.
You knew the following spells:

 Your Spells              Type           Power      Damage    Failure   Level
z - Foxfire               Conj/Fire      16%        2x1d4     21%         1

Your spell library contained the following spells:

 Spells                   Type           Power      Damage    Failure   Level
 Freeze                   Ice            0%         1d3       32%         1


Dungeon Overview and Level Annotations

Branches:
Dungeon (5/15)
 Temple: D:4-7

Altars:
Vehumet
Zin

Annotations:
D:3 3 runed translucent doors, peter4's ghost, amateur TrEE
D:4 Edmund
D:5 exclusion: upstairs


Message History

The ogre is heavily wounded.
The ogre struggles against the net.
Casting: Foxfire (safe; 21% risk of failure)
Confirm with . or Enter, or press ? or * to list all spells.
You miscast Foxfire.
You are very lightly contaminated with residual magic.
Nothing appears to happen.
The foxfire hits the ogre.
The ogre is heavily wounded.
The foxfire hits the ogre.
The ogre is severely wounded.
The ogre struggles against the net.
Casting: Foxfire (safe; 21% risk of failure)
Confirm with . or Enter, or press ? or * to list all spells.
You conjure some foxfire!
The ogre struggles against the net.
Casting: Foxfire (safe; 21% risk of failure)
Confirm with . or Enter, or press ? or * to list all spells.
You miscast Foxfire.
Nothing appears to happen.
The foxfire hits the ogre but does no damage.
The ogre is severely wounded.
The foxfire hits the ogre.
The ogre is severely wounded.
The ogre struggles against the net.
The net rips apart, and the ogre comes free!
Casting: Foxfire (safe; 21% risk of failure)
Confirm with . or Enter, or press ? or * to list all spells.
You conjure some foxfire!
You hit the ogre.
The ogre is severely wounded.
The foxfire hits the ogre.
The ogre is severely wounded.
The foxfire hits the ogre.
The ogre is almost dead.
The ogre completely misses you.
You barely miss the ogre.
The ogre is almost dead.
You hit the ogre.
The ogre is almost dead.
The ogre hits you with a +0 giant club!!
Ouch! That really hurt!
You die...

..........#####
..######.##
######.......### #.#
#.#.......) ..#### #.#
#.#.###.### ......##.#
#.#.# #># #........#
#.#.# #.#### #####.#..#
#.#.# #.##.## #.#..#
#.#.###.#.ยง.######.#..#
#.#.......@...........#
..#####.#.O.######.#.##
### #.....# #....#
######.###.# #.###.#
#A#.8#.# #.# ####.# .#
###..#.# #(# #....###.#
#....'.# #.# #.......#
#....### #.# #.......#
#_..8 #.# #.......#


You could see an ogre.

Vanquished Creatures
  5 adders
  2 dart slugs
  9 orcs
  5 endoplasms
  2 giant cockroaches
  3 goblins
  3 hobgoblins (D:1)
  2 jackals (D:2)
  3 kobolds
  3 quokkas (D:1)
  2 ball pythons
  5 bats
  A frilled lizard (D:1)
  4 rats
49 creatures vanquished.

Vanquished Creatures (others)
  20 foxfires
20 creatures vanquished.

Grand Total: 69 creatures vanquished

Notes
Turn   | Place    | Note
-------+----------+-------------------------------------------
     0 | D:1      | nxtlvl the Deep Elf Monk began the quest for the Orb.
     0 | D:1      | Reached XP level 1. HP: 13/13 MP: 3/3
   145 | D:1      | Reached XP level 2. HP: 10/18 MP: 4/4
   359 | D:2      | Reached skill level 4 in Short Blades
   472 | D:2      | Reached XP level 3. HP: 22/22 MP: 5/5
   518 | D:3      | Noticed a water moccasin
   519 | D:3      | Found a runed translucent gate.
   519 | D:3      | Found a runed translucent gate.
   519 | D:3      | Found a runed translucent gate.
   557 | D:3      | Noticed peter4's ghost (amateur TrEE)
   782 | D:4      | Noticed Edmund
   823 | D:3      | Found a radiant altar of Vehumet.
   853 | D:3      | Became a worshipper of Vehumet
   853 | D:3      | Reached * piety under Vehumet
   853 | D:3      | Offered knowledge of Foxfire by Vehumet.
   853 | D:3      | Reached ** piety under Vehumet
   856 | D:3      | Learned a level 1 spell: Foxfire
   922 | D:3      | Offered knowledge of Freeze by Vehumet.
   950 | D:3      | Reached XP level 4. HP: 10/27 MP: 6/6
  1468 | D:5      | Entered Level 5 of the Dungeon
  1494 | D:5      | Noticed an ogre
  1599 | D:5      | Reached skill level 1 in Conjurations
  1620 | D:5      | HP: 1/27 [orc/+0 trident (3)]
  1652 | D:5      | Reached skill level 1 in Fire Magic
  1807 | D:5      | Found a glowing silver altar of Zin.
  1808 | D:5      | Noticed an angel
  1856 | D:5      | Mangled by an ogre

Illustrated notes

Levels and vault maps discovered:
D:1:      reono_arrival_forest_river, layout_loops_ring,
          shapermc_ecumenical_altar_pompeii, minmay_pentomino_q2
D:2:      layout_basic, serial_shops, shop_statue
D:3:      layout_basic, mainiacjoe_overflow_six_doors_small,
          gammafunk_ghost_split
D:4:      layout_gridville, xom_confusion_cloud, mainiacjoe_overflow_brackets,
          general_overflow_altar, uniq_eustachio, uniq_grinder, uniq_edmund
D:5:      layout_loops_ring, zin_angel, old_standard_altar,
          doesnt_shop_hydraphobe

Skill      XL: |  1  2  3  4 |
---------------+-------------+-----
Short Blades   | 4 |  4.9
Conjurations   | 1 |  1.2
Fire Magic     | 1 |  1.1
Fighting       | |  2.4
Dodging        | |  3.6
Stealth        | |  2.4
Spellcasting   | |  0.7

Action                   |  1- 3 |  4- 6 || total
-------------------------+-------+-------++-------
Melee: Short sword       |   123 |    57 ||   180
       Punch             |     1 |       ||     1
Throw: Dart              |     8 |       ||     8
       Javelin           |     5 |     1 ||     6
       Throwing net      |     2 |     1 ||     3
 Cast: Foxfire           |       |    12 ||    12
  Use: Scroll            |       |     8 ||     8
       Potion            |       |     1 ||     1
 Stab: Sleeping          |     8 |     2 ||    10
Armor: Robe              |    10 |       ||    10
       Leather armour    |    11 |     5 ||    16
Dodge: Dodged            |    98 |    48 ||   146

Table legend: (Time is in decaauts)
 A = Elapsed time spent in this place.
 B = Non-inter-level travel time spent in this place.
 C = Inter-level travel time spent in this place.
 D = Time resting spent in this place.
 E = Time spent auto-exploring this place.
 F = Levels seen in this place.
 G = Mean time per level.
                   A        B        C        D        E       F      G
               +--------+--------+--------+--------+--------+-----+--------+
         Total |   1840 |   1807 |     33 |      0 |      9 |   5 |  368.0 |
       Dungeon |   1840 |   1807 |     33 |      0 |      9 |   5 |  368.0 |
               +--------+--------+--------+--------+--------+-----+--------+

Top non-repeatable levels by time:
     D:3: 815 daAuts
     D:1: 356 daAuts
     D:5: 328 daAuts
     D:2: 273 daAuts
     D:4: 67 daAuts
